 Dungeon Crawl Stone Soup version 0.26.1-2-gb8aa6d0cf2 (webtiles) character file.

Game seed: 5296076960682394124

5096 sking99 the Protected (level 10, 66/66 HPs)
             Began as a Tengu Wanderer on Feb 18, 2021.
             Was a Believer of Ashenzari.
             Quit the game on level 9 of the Dungeon.
             The game lasted 00:22:02 (9272 turns).

sking99 the Protected (Tengu Wanderer)              Turns: 9272, Time: 00:22:03

Health: 66/66      AC: 34    Str: 14    XL:     10   Next: 57%
Magic:  11/11      EV:  2    Int: 13    God:    Ashenzari [**....]
Gold:   513        SH:  0    Dex: 19    Spells: 8/9 levels left

rFire    + . .     SeeInvis .   a - +2 hand crossbow (curse)
rCold    + . .     Faith    .   (no shield)
rNeg     . . .     Spirit   .   q - +17 gold dragon scales of Ful Basch {rPois rF+ rC+ rCorr Dex+4 Stlth-} (curse)
rPois    +         Reflect  .   (helmet restricted)
rElec    .         Harm     .   (no cloak)
rCorr    +         Rampage  .   (no gloves)
Will     .....                  (boots unavailable)
Stlth    ..........             (no amulet)
HPRegen  0.21/turn              g - ring of resist corrosion
MPRegen  0.12/turn              y - +4 ring of slaying (curse)

@: flying quickly and evasively, quick
A: beak, talons 3, able to fly
a: Stop Flying, Renounce Religion, Curse Item, Scrying


You were on level 9 of the Dungeon.
You worshipped Ashenzari.
Ashenzari was pleased with you.
You visited 2 branches of the dungeon, and saw 10 of its levels.

You collected 513 gold pieces.

Inventory:

Hand Weapons
 a - a cursed +2 hand crossbow (weapon)
 b - a +2 short sword of speed
Missiles
 r - 4 bolts (quivered ammo)
Armour
 q - the cursed +17 gold dragon scales of Ful Basch (worn) {rPois rF+ rC+ rCorr Dex+4 Stlth-}
   (You found it on level 4 of the Dungeon)

   It affects your dexterity (+4).
   It protects you from fire.
   It protects you from cold.
   It protects you from poison.
   It provides partial protection from all sources of acid and corrosion.
   It makes you less stealthy.
   It has a curse placed upon it.
Jewellery
 g - a ring of resist corrosion (left hand)
 y - a cursed +4 ring of slaying (right hand)
 C - an uncursed ring of see invisible
 E - an uncursed amulet of regeneration
Wands
 d - a wand of acid (12)
 k - a wand of flame (22)
 A - a wand of polymorph (9)
Scrolls
 e - 2 scrolls of torment {unknown}
 f - a scroll of blinking
 h - 3 scrolls of enchant weapon
 i - 3 scrolls of teleportation
 l - 4 scrolls of identify
 p - a scroll of fear
 w - 4 scrolls of magic mapping
 D - 2 scrolls of remove curse
Potions
 c - 4 potions of lignification
 j - a potion of attraction
 n - 3 potions of haste
 o - 3 potions of brilliance
 s - 9 potions of curing
 t - a potion of ambrosia
 u - 2 potions of invisibility
 v - 3 potions of might {unknown}
 x - 2 potions of heal wounds {unknown}
 z - a potion of mutation {unknown}
 B - a potion of magic {unknown}
Miscellaneous
 m - a phantom mirror


   Skills:
 + Level 9.2 Fighting
 - Level 10.0(12.1) Crossbows
 - Level 1.0 Throwing
 + Level 10.3 Armour
 - Level 1.0 Shields
 - Level 0.6 Translocations


You had 8 spell levels left.
You knew the following spells:

 Your Spells              Type           Power        Failure   Level
a - Apportation           Tloc           2%           100%        1

Your spell library contained the following spells:

 Spells                   Type           Power        Failure   Level
 Animate Skeleton         Necr           0%           100%        1
 Corona                   Hex            0%           100%        1
 Magic Dart               Conj           0%           100%        1
 Summon Small Mammal      Summ           0%           100%        1
 Blink                    Tloc           N/A          100%        2
 Call Imp                 Summ           0%           100%        2
 Ensorcelled Hibernation  Hex/Ice        0%           100%        2
 Slow                     Hex            0%           100%        2
 Confusing Touch          Hex            0%           100%        3
 Conjure Flame            Conj/Fire      0%           100%        3
 Dazzling Flash           Conj/Hex       0%           100%        3
 Mephitic Cloud           Conj/Pois/Air  0%           100%        3
 Tukima's Dance           Hex            0%           100%        3


Dungeon Overview and Level Annotations

Branches:
Dungeon (9/15)             Temple (1/1) D:5            Lair (0/6) D:8
    Orc (0/2) D:9

Altars:
Ashenzari
Cheibriados
Dithmenos
Elyvilon
Fedhas
Gozag
Hepliaklqana
Kikubaaqudgha
Makhleb
Nemelex Xobeh
Okawaru
Qazlal
Ru
Sif Muna
Trog
Uskayaw
Vehumet
Wu Jian
Xom
Yredelemnul
Zin
The Shining One

Shops:
D:7 :

Annotations:
D:4 4 runed translucent doors


Innate Abilities, Weirdness & Mutations

You have a beak for a mouth.
You have claws for feet.
You can fly continuously.


Message History

The orc warrior hits you but does no damage.
You hear a shout!
The orc warrior hits you but does no damage.
You see here a bolt.
r - 2 bolts (gained 1)
The orc warrior hits you but does no damage.
Unknown command.
There are no items here.
An orc comes into view. It is wielding a +0 hand axe.
The orc shouts!
Things that are here:
a bolt; a +0 hand axe
r - 3 bolts (gained 1)
The orc warrior hits you but does no damage.
The orc hits you but does no damage.
An orc warrior comes into view. It is wielding a +3 dire flail.
You see here a bolt.
r - 4 bolts (gained 1)
The orc warrior hits you but does no damage.
Are you sure you want to abandon this character and quit the game? (Confirm with "yes".)

##.#..##.......###+#.....#
, ##.........##### .....#
#####.############ *.....#
##....# {...#8...## ##.###
##....# ..o#.....####'# *
......# .'..>........ ,
##.##.#,,,, #........... ,
,, #.##.# , #8(.........
##.##.########oo@....... ,
..........#..(.)o.......
...#......#.............
...##.....#............. ,
...#####..#....#........
...#####..#....#........
...#...#.......#........ ,
...#...#.>...###........,
...#...##...## *....... ,
,


You could see 2 orc warriors and 2 orcs.

Vanquished Creatures
  Pikel (D:8)
  An ugly thing (D:9)
  A gargoyle (D:9)
  5 yaks (D:9)
  A steam dragon (D:7)
  3 wargs (D:8)
  A water moccasin (D:9)
  2 ice beasts (D:8)
  A sky beast (D:8)
  2 phantoms
  3 ogres
  3 centaurs
  3 bullfrogs
  A gnoll sergeant (D:8)
  A scorpion (D:4)
  An electric eel (D:8)
  A centaur zombie (D:9)
  3 howler monkeys
  3 hounds (D:4)
  4 jellies
  8 orc wizards
  8 orc priests
  A centaur skeleton (D:7)
  Jessica (D:3)
  An iguana (D:6)
  5 worker ants
  A hound skeleton (D:5)
  A worker ant zombie (D:8)
  6 adders
  9 gnolls (D:8)
  3 white imps
  2 ufetubi
  7 oozes
  4 worms
  3 dart slugs
  7 leopard geckos
  24 orcs
  4 bats
  2 giant cockroaches
  8 goblins
  5 hobgoblins
  8 jackals
  2 quokkas
  2 ball pythons
  5 frilled lizards
  8 kobolds
  A leopard gecko zombie (D:5)
  8 rats
185 creatures vanquished.

Notes
Turn   | Place    | Note
-------+----------+-------------------------------------------
     0 | D:1      | sking99 the Tengu Wanderer began the quest for the Orb.
     0 | D:1      | sking99 set off with the following items: a +2 hand
                  | crossbow, 20 bolts, a potion of lignification, a +0 ring
                  | mail
     0 | D:1      | Reached XP level 1. HP: 12/12 MP: 2/2
   172 | D:1      | Reached XP level 2. HP: 17/17 MP: 3/3
   584 | D:1      | Reached XP level 3. HP: 22/22 MP: 4/4
  1326 | D:2      | Reached XP level 4. HP: 27/27 MP: 5/5
  1860 | D:3      | You fall into a shaft and drop 3 floors!
  1868 | D:5      | Entered Level 5 of the Dungeon
  1898 | D:5      | Learned a level 1 spell: Apportation
  1905 | D:5      | Noticed an ogre
  1932 | D:5      | HP: 1/27 [hound skeleton (1)]
  1935 | D:4      | Got faintly glowing gold dragon scales
  1946 | D:4      | Identified the +17 gold dragon scales of Ful Basch {rPois
                  | rF+ rC+ rCorr Dex+4 Stlth-} (You found it on level 4 of the
                  | Dungeon)
  2259 | D:4      | Reached skill level 5 in Crossbows
  2259 | D:4      | Gained mutation: You can fly continuously. [Tengu growth]
  2259 | D:4      | Reached XP level 5. HP: 20/32 MP: 6/6
  2288 | D:4      | Noticed an ogre
  2555 | D:3      | Noticed Jessica
  2589 | D:3      | Killed Jessica
  3049 | D:4      | Killed an ogre
  3050 | D:4      | Reached XP level 6. HP: 16/37 MP: 7/7
  3558 | D:4      | Reached XP level 7. HP: 42/42 MP: 8/8
  3596 | D:4      | Found a large runed translucent door.
  3597 | D:4      | Found a large runed translucent door.
  3611 | D:4      | Reached skill level 5 in Armour
  3617 | D:4      | Found a large runed translucent door.
  3617 | D:4      | Found a large runed translucent door.
  4686 | D:5      | Reached XP level 8. HP: 48/48 MP: 9/9
  4748 | D:5      | Found a staircase to the Ecumenical Temple.
  4830 | Temple   | Entered the Ecumenical Temple
  4983 | Temple   | Became a worshipper of Ashenzari the Shackled
  5655 | D:6      | Reached skill level 5 in Fighting
  6039 | D:7      | Reached * piety under Ashenzari
  6146 | D:7      | Found a glowing golden altar of the Shining One.
  6165 | D:7      | Found Korut's Book Emporium.
  6889 | D:8      | Found a basalt altar of Yredelemnul.
  6958 | D:8      | Reached XP level 9. HP: 54/55 MP: 10/10
  7407 | D:8      | Found an iron altar of Okawaru.
  7408 | D:8      | Found an ancient bone altar of Kikubaaqudgha.
  7646 | D:8      | Reached skill level 10 in Crossbows
  7977 | D:8      | Found a staircase to the Lair.
  8152 | D:8      | Noticed Pikel
  8165 | D:8      | Killed Pikel
  8285 | D:9      | Reached ** piety under Ashenzari
  8297 | D:9      | Reached XP level 10. HP: 64/64 MP: 11/11
  8339 | D:9      | Noticed a cyan ugly thing
  8376 | D:9      | Killed a cyan ugly thing
  8586 | D:9      | Noticed a gargoyle
  8602 | D:9      | Killed a gargoyle
  8935 | D:9      | Reached skill level 10 in Armour
  9251 | D:9      | Found a staircase to the Orcish Mines.
  9272 | D:9      | Quit the game

Illustrated notes

Levels and vault maps discovered:
D:1:      dpeg_arrival_rooms_a, layout_loops_ring
D:2:      layout_basic, minmay_tripent
D:3:      layout_loops_cross, minivault_24, uniq_jessica
D:4:      layout_rooms, minmay_hollow_rounded_squares
D:5:      layout_rooms, minmay_temple_entry_wispy
D:6:      layout_gridville
D:7:      layout_basic, serial_shops, nicolae_shop_competitors_out_of_business,
          basic_altar, minmay_statues_item
D:8:      cheibrodos_helix_gallery, layout_cave_pods,
          nicolae_overflow_hidden_temple, lemuel_crystal_altar,
          erik_lair_orcish_takeover, uniq_pikel
D:9:      layout_basic, minmay_orc_entry_temple_small,
          hangedman_little_slice_of_home
Temple:   hc_temple_tempest_star

Skill      XL: |  1  2  3  4  5  6  7  8  9 10 |
---------------+-------------------------------+-----
Crossbows      | 4 5 6 7 9 10 | 10.0
Armour         | 4 5 6 8 10 | 10.3
Fighting       | 3 4 5 7 9 |  9.2
Throwing       | |  1.0
Shields        | |  1.0
Translocations | |  0.6

Action                   |  1- 3 |  4- 6 |  7- 9 | 10-12 || total
-------------------------+-------+-------+-------+-------++-------
Melee: Dagger            |       |    83 |       |       ||    83
       Kick              |       |    32 |    22 |     1 ||    55
       Peck              |       |    12 |    13 |     1 ||    26
       Short sword       |       |    21 |    59 |       ||    80
       Hand crossbow     |       |       |     4 |     3 ||     7
 Fire: Hand crossbow     |    59 |    67 |   254 |    89 ||   469
Invok: Curse Item        |       |       |     3 |       ||     3
 Abil: Fly               |       |     1 |       |       ||     1
  Use: Scroll            |       |    15 |     6 |       ||    21
Armor: Ring mail         |     8 |     8 |       |       ||    16
       Gold dragon scale |       |   112 |   205 |    82 ||   399
Dodge: Dodged            |     3 |     4 |     7 |     7 ||    21
